Map: Magannatha LE

Players

MoMo - Winner!

  • Race: Zerg Zerg
  • League: Diamond
  • Spawn Location: 5:00

ManlyManMeat

  • Race: Zerg Zerg
  • League: Diamond
  • Spawn Location: 11:00

VOD

Have the link to the VOD?

Description

Time

  • Played on: July 2, 2025, 9:22 a.m.
  • Length: 5:34
Show
View Real Time Build Order
Export as new Build Order

MoMo Zerg - Winner!

Build Orders: Pool First 

Get SALT Encoding   

  12  0:02  Drone  
  13  0:12  Overlord  
  13  0:16  Drone  
  14  0:30  Drone x2  
  14  0:35  Drone  
  17  0:46  Spawning Pool  
  17  0:49  Extractor  
  15  0:50  Drone  
  16  1:13  Hatchery  
  16  1:14  Drone  
  17  1:18  Drone  
  17  1:22  Drone  
  18  1:37  Queen  
  20  1:41  Zergling x2  
  20  1:45  Drone  
  22  1:58  Overlord  
  22  2:14  Metabolic Boost  
  22  2:18  Drone x2  
  24  2:26  Queen  
  24  2:29  Zergling x4  
  28  2:33  Zergling x2  
  29  2:43  Zergling x2  
  30  2:47  Zergling x4  
  30  2:48  Zergling x2  
  30  2:49  Zergling x2  
  34  2:54  Overlord  
  34  3:12  Zergling x2  
  35  3:13  Zergling x6  
  38  3:21  Overlord  
  38  3:30  Zergling x8, Baneling Nest  
  40  3:43  Zergling x8  
  40  3:44  Zergling x2  
  44  3:55  Zergling x4  
  42  3:57  Zergling x2  
  42  4:04  Zergling x2  
  42  4:05  Zergling x6  
  42  4:15  Zergling x2  
  42  4:16  Zergling x2  
  39  4:24  Zergling x4  
  40  4:32  Baneling x2  
  40  4:34  Zergling x8  
  44  4:56  Baneling x2  
  44  4:57  Zergling x2  
  40  5:00  Zergling x8  
  40  5:02  Zergling x2  
  42  5:13  Zergling x4  
  39  5:27  Hatchery  
Show
View Real Time Build Order
Export as new Build Order

ManlyManMeat Zerg 

Build Orders: Hatch First 

Get SALT Encoding   

  12  0:00  Drone  
  13  0:08  Drone  
  14  0:21  Drone, Extractor  
  14  0:23  Overlord  
  15  0:42  Drone  
  16  0:46  Hatchery  
  15  0:50  Drone  
  15  0:54  Drone  
  18  0:57  Drone  
  18  1:10  Extractor  
  17  1:13  Spawning Pool  
  17  1:15  Drone  
  17  1:19  Drone  
  18  1:26  Drone  
  19  1:38  Overlord  
  19  1:47  Drone  
  20  2:00  Queen x2  
  24  2:01  Zergling x2  
  24  2:02  Zergling x2  
  26  2:11  Drone x2  
  28  2:18  Metabolic Boost  
  28  2:33  Hatchery  
  28  2:35  Drone  
  28  2:46  Baneling Nest  
  28  2:49  Zergling x4  
  28  2:50  Zergling x2  
  30  3:03  Drone x2  
  30  3:05  Drone  
  33  3:17  Drone  
  33  3:18  Zergling x4  
  33  3:19  Roach Warren  
  35  3:29  Baneling  
  35  3:30  Baneling x4  
  35  3:32  Overlord  
  29  3:57  Zergling x16  
  29  4:00  Drone  
  29  4:01  Zergling x2  
  35  4:11  Zergling x2  
  32  4:27  Zergling x2  
  32  4:28  Zergling x8  
  35  4:37  Zergling x6  
  38  4:42  Zergling x2  
  38  4:43  Zergling x4  
  43  4:52  Roach  
  38  5:00  Roach x2  
  38  5:03  Zergling x2  
  38  5:04  Zergling x4  
Tags
 
Add a new tag
Caveats
  • Supply blocks, unpowered buildings, or Contaminate may cause inaccurate times.
  • Supply counts are checked every 10 seconds.